 Seeded DCSS version 0.29-a0-371-g91724d5b39 (webtiles) character file.

Game seed: 20220502 (custom seed)

1136 happo123 the Ruffian (level 8, -12/75 HPs)
             Began as a Troll Fighter on May 2, 2022.
             Was a Priest of Okawaru.
             Mangled by a gnoll
             ... wielding a +0 whip of electrocution
             ... led by a gnoll shaman
              (18 damage)
             ... on level 5 of the Dungeon.
             The game lasted 00:35:00 (3442 turns).

happo123 the Ruffian (Troll Fighter)                Turns: 3442, Time: 00:35:05

Health: -12/75     AC: 12    Str: 27    XL:     8   Next: 14%
Magic:  7/7        EV:  9    Int:  4    God:    Okawaru [***...]
Gold:   111        SH:  7    Dex:  9    Spells: 7/7 levels left

rFire   . . .      SeeInvis .   D - +1 mace (protect)
rCold   . . .      Faith    .   b - +0 kite shield
rNeg    + . .      Spirit   .   a - +0 robe
rPois   .          Reflect  .   (helmet restricted)
rElec   .          Harm     .   m - +0 cloak
rCorr   .          Rampage  .   (gloves unavailable)
Will    .....                   (boots unavailable)
Stlth   +.........              (no amulet)
HPRegen 1.02/turn               o - ring of positive energy
MPRegen 0.10/turn               (no ring)

@: under a protective aura
A: large, unfitting armour, claws 3, regeneration 1, shaggy fur 1, tough skin 1
a: Renounce Religion, Heroism


You were on level 5 of the Dungeon.
You worshipped Okawaru.
Okawaru was most pleased with you.
You visited 1 branch of the dungeon, and saw 5 of its levels.

You collected 111 gold pieces.

Inventory:

Hand Weapons
 i - a +0 short sword
 s - a +0 giant spiked club
 x - a +0 hunting sling
 A - a +1 vorpal flail
 B - a +0 mace of holy wrath
 C - the +4 mace "Byfes" {distort, +Blink rN+}
   (You found it on level 4 of the Dungeon)

   It warps and distorts space around it, and may blink, banish, or inflict
   extra damage upon those it strikes.
   Unwielding it can cause banishment or high damage.
   rN:        It protects you from negative energy.
   +Blink:    It lets you blink.
 D - a +1 mace of protection (weapon)
 E - a +3 quarterstaff of chaos
 G - a +0 hand crossbow
 I - a +0 shortbow
 J - a +0 short sword
Missiles
 g - 139 stones (quivered)
 n - 8 poisoned darts
 w - 3 curare-tipped darts
Armour
 a - a +0 robe (worn)
 b - a +0 kite shield (worn)
 m - a +0 cloak (worn)
 F - a +0 cloak
Jewellery
 o - a ring of positive energy (left claw)
Scrolls
 d - 4 scrolls of fear {unknown}
 e - 2 scrolls of immolation {unknown}
 j - 3 scrolls of magic mapping {unknown}
 k - 5 scrolls of identify
 l - a scroll of fog {unknown}
 v - 2 scrolls of teleportation {unknown}
 y - a scroll of blinking {unknown}
 H - a scroll of vulnerability {unknown}
 K - a scroll of noise {unknown}
Potions
 c - a potion of might
 f - 3 potions of curing {unknown}
 h - a potion of berserk rage {unknown}
 p - a potion of heal wounds {unknown}
 q - a potion of invisibility {unknown}
 r - a potion of cancellation {unknown}
 t - a potion of lignification {unknown}
 u - 3 potions of degeneration
 z - a potion of mutation {unknown}


   Skills:
 + Level 3.3 Fighting
 + Level 2.7 Maces & Flails
 + Level 4.2 Dodging
 + Level 1.0 Stealth
 + Level 4.0 Shields
 + Level 6.2 Unarmed Combat
 + Level 0.3 Invocations


You had 7 spell levels left.
You didn't know any spells.
Your spell library contained the following spells:

 Spells                   Type           Power      Damage    Failure   Level
 Slow                     Hex            0%         N/A       78%         1
 Confusing Touch          Hex            0%         N/A       98%         3
 Dazzling Flash           Conj/Hex       0%         N/A       98%         3
 Vampiric Draining        Necr           0%         2d6       98%         3
 Iskenderun's Mystic Bla  Conj/Tloc      0%         2d3       100%        4
 Blade Hands              Tmut           0%         N/A       100%        5
 Irradiate                Conj/Tmut      0%         3d13      100%        5
 Starburst                Conj/Fire      0%         6d3       100%        6
 Dragon Form              Tmut           0%         N/A       100%        7
 Summon Small Mammal      Summ           Unusable   N/A       N/A         1

Dungeon Overview and Level Annotations

Branches:
Dungeon (5/15)
 Temple: D:4-7

Altars:
Okawaru
Uskayaw
Vehumet
The Shining One

Shops:
D:3 [


Innate Abilities, Weirdness & Mutations

You are too large for most types of armour.
You have claws for hands.
Your natural rate of healing is unusually fast.
You are covered in fur. (AC +1)
You have tough skin. (AC +1)


Message History

The gnoll shaman calls upon its god to speed up the gnoll.
The gnoll seems to speed up.
You block the gnoll's attack.
The gnoll hits you with a +0 whip of electrocution.
You hit the gnoll shaman but do no damage.
The gnoll shaman is almost dead.
The gnoll barely misses you.
The gnoll shaman hits you with a +0 whip.
The gnoll hits you but does no damage. The gnoll barely misses you.
You hit the gnoll shaman.
You kill the gnoll shaman!
Okawaru accepts your kill. You block the gnoll's attack.
The gnoll hits you with a +0 club. You block the gnoll's attack.
The gnoll hits you with a +0 club.
You hit the gnoll.
The gnoll is heavily wounded.
The gnoll hits you but does no damage.
You are electrocuted!
The gnoll hits you with a +0 whip of electrocution.
The gnoll hits you but does no damage.
You barely miss the gnoll.
The gnoll is heavily wounded.
You are no longer glowing.
You block the gnoll's attack. The gnoll hits you but does no damage.
You block the gnoll's attack.
You hit the gnoll.
The gnoll is almost dead.
The gnoll hits you but does no damage.
You are electrocuted!!
The gnoll barely misses you. You block the gnoll's attack.
The gnoll hits you but does no damage.
You barely miss the gnoll.
The gnoll is almost dead.
The gnoll hits you but does no damage. You block the gnoll's attack.
The gnoll hits you with a +0 club.
You hit the gnoll but do no damage.
The gnoll is almost dead.
The gnoll hits you but does no damage.
You are electrocuted!!
* * * LOW HITPOINT WARNING * * *
The gnoll hits you with a +0 club.
* * * LOW HITPOINT WARNING * * *
The gnoll hits you but does no damage.
You are electrocuted!!
You die...

.........##....#.......
.............#........†
.........#+#.......##..
....................###
#######.#.>............
#.#...........###
########.#...........# #
#....................###
#......@.#..............
#.....g)g#...........###
.........#...........# #
.........# ..........# #
§§........ .... #
§§§≈§§≈≈≈≈. ####
§§.§...g.≈. .≈§§§≈≈§.≈.#


You could see 3 gnolls.

Vanquished Creatures
  Grinder (D:4)
  Edmund (D:4)
  An ice beast (D:5)
  2 black bears (D:4)
  An ogre (D:3)
  2 kobold brigands (D:3)
  A howler monkey (D:4)
  A crimson imp (D:4)
  A jelly (D:4)
  Crazy Yiuf (D:4)
  A gnoll shaman (D:5)
  7 adders
  2 worms (D:2)
  4 dart slugs
  5 orcs
  10 endoplasms
  7 giant cockroaches
  4 goblins
  11 hobgoblins
  6 jackals
  14 kobolds
  4 quokkas
  3 ball pythons (D:4)
  2 bats
  A frilled lizard (D:1)
  A goblin skeleton (D:4)
  2 hobgoblin zombies (D:4)
  2 kobold skeletons (D:4)
  3 kobold zombies (D:4)
  An orc skeleton (D:4)
  3 orc zombies (D:4)
  7 rats
112 creatures vanquished.

Notes
Turn   | Place    | Note
-------+----------+-------------------------------------------
     0 | D:1      | happo123 the Troll Fighter began the quest for the Orb.
     0 | D:1      | Reached XP level 1. HP: 22/22 MP: 0/0
   306 | D:1      | Reached XP level 2. HP: 29/29 MP: 1/1
   414 | D:1      | Found a faded altar of an unknown god.
   447 | D:1      | Got Plato's Handbook of the Escort
   448 | D:1      | Prayed at the altar of an unknown god.
   448 | D:1      | Became a worshipper of Warmaster Okawaru
   448 | D:1      | Reached * piety under Okawaru
   658 | D:1      | Reached XP level 3. HP: 36/36 MP: 2/2
   943 | D:2      | Found a radiant altar of Vehumet.
  1170 | D:2      | Reached XP level 4. HP: 44/44 MP: 3/3
  1471 | D:2      | Reached skill level 3 in Unarmed Combat
  1921 | D:3      | Noticed an ogre
  1935 | D:3      | Killed an ogre
  1935 | D:3      | Reached ** piety under Okawaru
  1936 | D:3      | Reached XP level 5. HP: 38/52 MP: 1/4
  2014 | D:3      | Reached skill level 4 in Unarmed Combat
  2079 | D:3      | Found Camot's Armour Boutique.
  2217 | D:3      | Reached XP level 6. HP: 45/59 MP: 5/5
  2372 | D:4      | Found a glowing golden altar of the Shining One.
  2385 | D:4      | Reached skill level 5 in Unarmed Combat
  2558 | D:4      | Noticed Edmund
  2565 | D:4      | Reached *** piety under Okawaru
  2579 | D:4      | Reached XP level 7. HP: 62/67 MP: 4/6
  2587 | D:4      | Killed Edmund
  2588 | D:4      | Reached skill level 6 in Unarmed Combat
  2632 | D:4      | Identified the +4 mace "Byfes" {distort, +Blink rN+}
  2645 | D:4      | Found a runed translucent door.
  2646 | D:4      | Noticed Crazy Yiuf
  2662 | D:4      | Killed Crazy Yiuf
  2744 | D:4      | Found a hide-covered altar of Uskayaw.
  3106 | D:4      | Noticed Grinder
  3115 | D:4      | Paralysed by Grinder for 5 turns
  3128 | D:4      | Reached skill level 1 in Maces & Flails
  3139 | D:4      | Paralysed by Grinder for 3 turns
  3155 | D:4      | Paralysed by Grinder for 3 turns
  3162 | D:4      | Paralysed by Grinder for 3 turns
  3167 | D:4      | Killed Grinder
  3168 | D:4      | Reached skill level 1 in Stealth
  3168 | D:4      | Reached XP level 8. HP: 53/75 MP: 7/7
  3304 | D:5      | Entered Level 5 of the Dungeon
  3442 | D:5      | Mangled by a gnoll

Illustrated notes

Levels and vault maps discovered:
D:1:      minmay_arrival_four_houses, layout_loops_corners,
          shapermc_ecumenical_altar_rom_forum, minmay_misc_feat_doors
D:2:      layout_loops_corners, basic_altar, minmay_heptomino_w4
D:3:      cheibrodos_thug_alley, layout_rooms, serial_shops, shop
D:4:      minmay_diamond_boxcup, layout_cave_pools, nicolae_uskayaw_suspiria,
          nicolae_tso_besieged_by_evil, serial_column_ruins,
          column_ruins_square_huge, column_ruins_open_tiny,
          column_ruins_open_small, column_ruins_grid_1, column_ruins_open_tiny,
          column_ruins_columns_dead_end, column_ruins_corridor_corner,
          kennysheep_dice, uniq_edmund, uniq_crazy_yiuf_cottage, uniq_grinder
D:5:      layout_basic, minmay_temple_entry_wispy, serial_shops,
          nicolae_inconvenience_store, minmay_misc_feat_more_columns, uniq_ijyb

Skill      XL: |  1  2  3  4  5  6  7  8 |
---------------+-------------------------+-----
Shields        | 3 4 |  4.0
Unarmed Combat | 3 4 5 6 |  6.2
Dodging        | 3 4 |  4.2
Fighting       | 3 |  3.3
Maces & Flails | 2 |  2.7
Stealth        | 1 |  1.0
Invocations    | |  0.3

Action                   |  1- 3 |  4- 6 |  7- 9 || total
-------------------------+-------+-------+-------++-------
Melee: Unarmed           |    84 |   150 |     9 ||   243
       Mace              |       |       |   128 ||   128
Invok: Heroism           |       |     2 |     2 ||     4
  Use: Scroll            |       |       |     1 ||     1
 Stab: Sleeping          |     1 |       |     2 ||     3
Armor: Robe              |    21 |    49 |    79 ||   149
Dodge: Dodged            |    24 |    47 |    64 ||   135
Block: Kite shield       |    19 |    59 |    72 ||   150

Table legend: (Time is in decaauts)
 A = Elapsed time spent in this place.
 B = Non-inter-level travel time spent in this place.
 C = Inter-level travel time spent in this place.
 D = Time resting spent in this place.
 E = Time spent auto-exploring this place.
 F = Levels seen in this place.
 G = Mean time per level.
                   A        B        C        D        E       F      G
               +--------+--------+--------+--------+--------+-----+--------+
         Total |   3511 |   2970 |    541 |     44 |   2052 |   5 |  702.2 |
       Dungeon |   3511 |   2970 |    541 |     44 |   2052 |   5 |  702.2 |
               +--------+--------+--------+--------+--------+-----+--------+

Top non-repeatable levels by time:
     D:4: 989 daAuts
     D:1: 947 daAuts
     D:2: 884 daAuts
     D:3: 533 daAuts
     D:5: 156 daAuts
